 Dungeon Crawl Stone Soup version 0.25.0-1-g7eea58d (webtiles) character file.

Game seed: 9932465600731552854

1339 sighowe the Thaumaturge (level 8, -6/31 HPs)
             Began as a Felid Earth Elementalist on June 14, 2020.
             Was a Priest of Makhleb.
             Mangled by a wolf (9 damage)
             ... led by Grum
             ... on level 8 of the Dungeon.
             The game lasted 00:42:48 (13041 turns).

sighowe the Thaumaturge (Felid Earth Elementalist) Turns: 13041, Time: 00:42:49

Health: -6/31      AC:  2    Str:  4    XL:     8   Next: 35%
Magic:  2/21       EV: 19    Int: 19    God:    Makhleb [***...]
Gold:   461        SH:  0    Dex: 17    Spells: 11/24 levels left
                                        Lives:  0   Deaths: 2

rFire    . . .     SeeInvis +     - Unarmed
rCold    . . .     Gourm    .   (shield unavailable)
rNeg     . . .     Faith    .   (armour unavailable)
rPois    .         Spirit   .   (helmet unavailable)
rElec    .         Reflect  .   (cloak unavailable)
rCorr    .         Harm     .   (gloves unavailable)
MR       +....                  (boots unavailable)
Stlth    +++.......             (no amulet)
HPRegen  0.10/turn              (no ring)
MPRegen  0.17/turn              (no ring)

@: quick
A: very small, no armour, no weapons or thrown items, stealth, claws 1, fangs 3,
see invisible, carnivore, speed 1, shaggy fur 2, slow metabolism 1, sharp paws
a: Minor Destruction, Lesser Servant of Makhleb, Renounce Religion


You were on level 8 of the Dungeon.
You worshipped Makhleb.
Makhleb was most pleased with you.
You were completely stuffed.

You visited 2 branches of the dungeon, and saw 10 of its levels.

You collected 461 gold pieces.

Inventory:

Hand Weapons
 b - a +2 trident of protection
 E - a +2 vorpal spear
Armour
 v - the +4 robe of Kuestod {rN++ Str-5 Int+4, unknown}
   (You found it on level 4 of the Dungeon)

   It affects your strength (-5).
   It affects your intelligence (+4).
   It greatly protects you from negative energy.
Jewellery
 l - a +6 ring of intelligence {unknown}
 r - an uncursed ring of protection from cold {unknown}
Wands
 k - a wand of clouds (2)
 q - a wand of flame (22)
 y - a wand of acid (9)
 I - a wand of polymorph (6)
Scrolls
 a - 5 scrolls of remove curse {unknown}
 d - a scroll of immolation {unknown}
 e - 5 scrolls of amnesia {unknown}
 f - 6 scrolls of teleportation {unknown}
 i - 2 scrolls of enchant armour {unknown}
 m - 8 scrolls of identify {unknown}
 n - 3 scrolls of fear {unknown}
 o - a scroll of noise {unknown}
 w - 2 scrolls of fog {unknown}
 x - a scroll of brand weapon {unknown}
 C - a scroll of enchant weapon {unknown}
 D - a scroll of silence {unknown}
 H - a scroll of acquirement {unknown}
Potions
 g - 3 potions of flight {unknown}
 h - 2 potions of haste
 j - 2 potions of lignification {unknown}
 p - 2 potions of degeneration {unknown}
 s - a potion of might {unknown}
 t - a potion of resistance {unknown}
 u - 2 potions of mutation {unknown}
 z - 3 potions of heal wounds {unknown}
 A - 2 potions of stabbing {unknown}
 B - 2 potions of curing {unknown}
Comestibles
 c - 14 rations
 F - 4 chunks of flesh


   Skills:
 + Level 0.9 Fighting
 + Level 4.0 Dodging
 + Level 4.5 Stealth
 + Level 1.1 Unarmed Combat
 + Level 8.7 Spellcasting
 + Level 4.3 Conjurations
 + Level 1.1 Transmutations
 + Level 8.4 Earth Magic
 + Level 2.6 Evocations


You had 11 spell levels left.
You knew the following spells:

 Your Spells              Type           Power        Failure   Level  Hunger
a - Sandblast             Erth           #####.       1%          1    None
b - Stone Arrow           Conj/Erth      ####..       1%          3    None
c - Petrify               Tmut/Erth      ####....     12%         4    ###....
d - Lee's Rapid Deconstr  Erth           #####.....   8%          5    #####..

Your spell library contained the following spells:

 Spells                   Type           Power        Failure   Level  Hunger
 Magic Dart               Conj           ###.         1%          1    None
 Passwall                 Tmut/Erth      ####....     1%          2    None
 Conjure Flame            Conj/Fire      ###.....     11%         3    None
 Blink                    Tloc           N/A          13%         2    None
 Call Imp                 Summ           #.......     13%         2    None
 Slow                     Hex            #.......     13%         2    None
 Mephitic Cloud           Conj/Pois/Air  ##......     14%         3    None
 Confusing Touch          Hex            #.......     26%         3    None
 Gell's Gravitas          Tloc           #.........   26%         3    None
 Yara's Violent Unravell  Hex/Tmut       ##........   88%         5    #####..
 Metabolic Englaciation   Hex/Ice        #.........   93%         5    #####..


Dungeon Overview and Level Annotations

Branches:
Dungeon (9/15)             Temple (1/1) D:7
   Lair: D:8-11         Orc: D:9-12

Altars:
Ashenzari
Cheibriados
Dithmenos
Elyvilon
Fedhas
Gozag
Hepliaklqana
Kikubaaqudgha
Makhleb
Nemelex Xobeh
Okawaru
Qazlal
Ru
Sif Muna
Trog
Uskayaw
Vehumet
Wu Jian
Xom
Yredelemnul
Zin
The Shining One


Innate Abilities, Weirdness & Mutations

You cannot wear armour.
You are incapable of wielding weapons or throwing items.
Your paws allow you to move quietly. (Stealth)
You have sharp claws.
You have razor-sharp teeth.
You have supernaturally acute eyesight. (SInv)
You are carnivorous and can eat meat at any time.
You cover ground quickly.
You are covered in thick fur. (AC +2)
You have a slow metabolism.
Your sharp claws are effective at attacking unaware monsters.


Message History

The wolf is heavily wounded.
The wolf bites you! The wolf barely misses you. The wolf bites you!
Drop what? 34/52 slots (_ for help) (? for menu, Esc to quit)
Okay, then.
Casting: Lee's Rapid Deconstruction (extremely dangerous; 8% risk of failure)
Confirm with . or Enter, or press ? or * to list all spells.
You don't have enough magic to cast that spell.
Unknown command.
Casting: Lee's Rapid Deconstruction (extremely dangerous; 8% risk of failure)
Confirm with . or Enter, or press ? or * to list all spells.
Aiming: Sandblast (safe; 1% risk of failure)
Press: ? - help, Shift-Dir - straight line, f - wolf
Aim: a wolf (heavily wounded)
You don't have any stones to cast with.
The wolf bites you!
* * * LOW HITPOINT WARNING * * *
The wolf misses you. The wolf bites you!
You die...

#########.# #.#
#.........################.#
####.######.##...............#
.............#.#############.#
####.######..#.# #.#
#.#.......#.# #.#
#.#.##....#.######### ###.####
#.#.......#.#>....... ..#.....
#.#####...รท.#@####### #.#..###
#.........#.#h#...#####.#..# #
####>.####.#......[.)[)..#.#..###
.........#.#.........#...#.#.....
####..##.#.......#.###.........##
......## ..........).'.........##
####.#.###########.###...........
####+#.............# #........###
........##################.......


You could see a wolf.

Vanquished Creatures
  Maggie (D:7)
  A troll (D:7)
  Grum (D:8)
  Eustachio (D:5)
  The ghost of Myro the Chopper, an amateur HOFi of Beogh (D:4)
  Menkaure (D:4)
  An ice beast (D:7)
  4 ogres
  2 orc warriors (D:7)
  2 sky beasts
  A wolf (D:8)
  A phantom (D:4)
  2 bullfrogs
  A gnoll sergeant (D:6)
  3 scorpions
  4 wights (D:7)
  2 crimson imps
  A bullfrog zombie (D:7)
  2 jellies
  A hound (D:4)
  5 gnoll shamans (D:6)
  2 orc priests
  Ijyb (D:5)
  2 iguanas
  4 orc wizards
  4 worker ants
  A killer bee zombie (D:7)
  2 hound skeletons
  36 gnolls
  13 adders
  A shadow imp (D:5)
  9 oozes
  2 worms
  7 dart slugs
  2 leopard geckos
  17 orcs
  3 ball pythons
  10 bats
  A giant cockroach (D:2)
  5 goblins
  7 hobgoblins
  20 jackals
  4 quokkas
  2 frilled lizards
  A jackal zombie (D:8)
  15 kobolds
  A quokka skeleton (D:6)
  7 rats
217 creatures vanquished.

Vanquished Creatures (others)
  3 fungi (D:2)
  10 toadstools (D:2)
13 creatures vanquished.

Grand Total: 230 creatures vanquished

Notes
Turn   | Place    | Note
-------+----------+-------------------------------------------
     0 | D:1      | sighowe the Felid Earth Elementalist began the quest for
                  | the Orb.
     0 | D:1      | Reached XP level 1. HP: 7/7 MP: 4/4
   407 | D:1      | Reached XP level 2. HP: 6/11 MP: 3/6
   969 | D:1      | You fall into a shaft and drop 1 floor!
  1041 | D:1      | Reached XP level 3. HP: 14/14 MP: 4/7
  1331 | D:1      | Learned a level 3 spell: Stone Arrow
  2144 | D:2      | Reached XP level 4. HP: 18/18 MP: 7/9
  2715 | D:2      | Reached skill level 1 in Conjurations
  2715 | D:2      | Reached XP level 5. HP: 21/21 MP: 4/10
  3471 | D:3      | Learned a level 4 spell: Petrify
  3663 | D:3      | Found a snail-covered altar of Cheibriados.
  4299 | D:3      | Found a burning altar of Makhleb.
  4313 | D:3      | Became a worshipper of Makhleb the Destroyer
  4564 | D:3      | Gained mutation: You are covered in thick fur. (AC +2)
                  | [Felid growth]
  4564 | D:3      | Reached XP level 6. HP: 25/25 MP: 8/12
  4739 | D:4      | Reached skill level 5 in Earth Magic
  4873 | D:4      | Found a runed translucent gate.
  4873 | D:4      | Found a runed translucent gate.
  4873 | D:4      | Found a runed translucent gate.
  4874 | D:4      | Found an opulent altar of Gozag.
  4877 | D:4      | Noticed Myro's ghost (amateur HOFi)
  5341 | D:4      | Got a twisted robe
  5464 | D:4      | Reached XP level 7. HP: 28/28 MP: 8/15
  5507 | D:4      | Noticed Menkaure
  5531 | D:4      | Killed Menkaure
  5531 | D:4      | Reached skill level 5 in Spellcasting
  5746 | D:4      | Learned a level 5 spell: Lee's Rapid Deconstruction
  6361 | D:4      | Killed Myro's ghost
  6361 | D:4      | Reached skill level 1 in Evocations
  6411 | D:5      | Entered Level 5 of the Dungeon
  6418 | D:5      | Reached XP level 8. HP: 31/31 MP: 14/17
  6512 | D:5      | Found a white marble altar of Elyvilon.
  6646 | D:5      | Noticed Eustachio
  6663 | D:5      | Killed Eustachio
  6893 | D:5      | Noticed Ijyb
  6908 | D:5      | Killed Ijyb
  7470 | D:6      | Found an iron altar of Okawaru.
  8139 | D:6      | Reached * piety under Makhleb
  8266 | D:6      | Found an ornate altar of the Wu Jian Council.
  8266 | D:6      | Found a hazy altar of Hepliaklqana.
  9305 | D:6      | Reached skill level 1 in Unarmed Combat
  9627 | D:6      | Reached XP level 9. HP: 34/34 MP: 1/20
  9882 | D:6      | Reached ** piety under Makhleb
 11403 | D:7      | Noticed Maggie
 11414 | D:7      | Killed Maggie
 11638 | D:7      | Found a staircase to the Ecumenical Temple.
 11647 | Temple   | Entered the Ecumenical Temple
 12082 | D:7      | Noticed a troll
 12098 | D:7      | Killed a troll
 12373 | D:7      | Slain by a wolf
 12374 | D:7      | Reached XP level 8. HP: -2/31 MP: 20/21
 12476 | D:8      | Mangled by a wolf
 12477 | D:8      | Reached XP level 7. HP: -6/28 MP: 11/20
 12613 | D:8      | Reached *** piety under Makhleb
 12614 | D:8      | Reached XP level 8. HP: 29/31 MP: 9/21
 13011 | D:8      | Noticed Grum
 13015 | D:8      | Killed Grum
 13041 | D:8      | Mangled by a wolf

Illustrated notes

Levels and vault maps discovered:
D:1:      zelgadis_glass_arrival_large, layout_basic
D:2:      cheibrodos_fertilizer, layout_loops_cross
D:3:      layout_loops_corners, bloody_makhleb, kennysheep_slug_shrine,
          hex_large
D:4:      layout_rooms, first_ration, ebering_ghost_gozag, uniq_menkaure
D:5:      layout_rooms, elyvilon_altar_5, uniq_eustachio, uniq_ijyb
D:6:      lemuel_castle_with_subvaults [lemuel_castle_interior_carwin_3],
          layout_rooms, nicolae_overflow_hidden_temple,
          gammafunk_temple_overflow_wave
D:7:      minmay_klotski, layout_loops_corners,
          minmay_temple_entry_statues_fountains, uniq_maggie
D:8:      layout_basic, uniq_grum, uniq_pikel
D:9:      layout_long_grid, erik_lair_island, orc_0_dummy
Temple:   nicolae_temple_elliptical

Skill      XL: |  1  2  3  4  5  6  7  8  9 |
---------------+----------------------------+-----
Earth Magic    | 3 4 5 6 7 8 |  8.4
Spellcasting   | 3 4 5 7 8 |  8.7
Conjurations   | 1 2 4 |  4.3
Stealth        | 3 4 |  4.5
Evocations     | 1 2 |  2.6
Dodging        | 4 |  4.0
Unarmed Combat | 1 |  1.1
Fighting       | |  0.9
Transmutations | |  1.1

Action                   |  1- 3 |  4- 6 |  7- 9 || total
-------------------------+-------+-------+-------++-------
Melee: Unarmed           |    39 |    11 |    39 ||    89
       Bite              |     3 |     2 |     1 ||     6
 Cast: Sandblast         |    45 |    86 |   100 ||   231
       Stone Arrow       |     4 |    24 |   155 ||   183
       Lee's Rapid Decon |       |       |    17 ||    17
       Petrify           |       |       |     1 ||     1
Evoke: Wand              |       |       |    23 ||    23
 Stab: Paralysed         |       |       |     7 ||     7
  Eat: Chunk             |    11 |     8 |    28 ||    47
Armor: Skin              |     9 |     2 |     2 ||    13
Dodge: Dodged            |    42 |    28 |    99 ||   169
